 Dungeon Crawl Stone Soup version 0.28-a0-732-g75e6d9beac (webtiles) character file.

Game seed: 7904578784012992165

46 Colgate the Magician (level 3, 20/28 HPs)
             Began as a Naga Hedge Wizard on Oct 29, 2021.
             Was a Follower of Fedhas.
             Quit the game on level 2 of the Dungeon.
             The game lasted 00:07:10 (1428 turns).

Colgate the Magician (Naga Hedge Wizard)            Turns: 1428, Time: 00:07:11

Health: 20/28      AC:  2    Str: 12    XL:     3   Next: 66%
Magic:  2/8        EV:  9    Int: 15    God:    Fedhas [*.....]
Gold:   113        SH:  0    Dex: 10    Spells: 9/10 levels left

rFire   . . .      SeeInvis +   a - +0 dagger
rCold   . . .      Faith    .   (no shield)
rNeg    . . .      Spirit   .   l - +0 leather armour
rPois   +          Reflect  .   c - +0 hat
rElec   .          Harm     .   (no cloak)
rCorr   .          Rampage  .   (no gloves)
Will    .....                   (no barding)
Stlth   ++........              (no amulet)
HPRegen 0.09/turn               (no ring)
MPRegen 0.11/turn               (no ring)

@: short of breath, very slightly contaminated, very slow
A: AC +1, large, see invisible, deformed body, poison resistance, slowness 2,
spit poison 1, naga tail 1
a: Spit Poison, Renounce Religion


You were on level 2 of the Dungeon.
You worshipped Fedhas.
Fedhas was aware of your devotion.
You visited 1 branch of the dungeon, and saw 2 of its levels.

You collected 113 gold pieces.

Inventory:

Hand Weapons
 a - a +0 dagger (weapon)
 f - a +0 short sword
Missiles
 d - 6 curare-tipped darts
 e - 20 arrows
 g - 8 stones
 h - 28 bolts
Armour
 b - a +0 robe
 c - a +0 hat (worn)
 i - a +0 ring mail
 l - a +0 leather armour (worn)
Scrolls
 j - a scroll of teleportation
 k - a scroll of torment {unknown}
 n - a scroll of blinking {unknown}
Potions
 m - a potion of lignification {unknown}


   Skills:
 + Level 1.5 Dodging
 + Level 3.0 Stealth
 + Level 4.0 Spellcasting
 + Level 2.0 Conjurations
 + Level 1.0 Summonings
 + Level 1.0 Translocations


You had 9 spell levels left.
You knew the following spells:

 Your Spells              Type           Power      Damage    Failure   Level
a - Magic Dart            Conj           36%        1d4       10%         1

Your spell library contained the following spells:

 Spells                   Type           Power      Damage    Failure   Level
 Blink                    Tloc           12%        N/A       22%         2
 Call Imp                 Summ           6%         N/A       22%         2
 Slow                     Hex            3%         N/A       34%         2
 Conjure Flame            Conj/Fire      6%         6-21      41%         3
 Mephitic Cloud           Conj/Pois/Air  4%         N/A       47%         3


Dungeon Overview and Level Annotations

Branches:
Dungeon (2/15)

Altars:
Fedhas


Innate Abilities, Weirdness & Mutations

Your serpentine skin is tough. (AC +1)
You have supernaturally acute eyesight. (SInv)
Armour fits poorly on your strangely shaped body.
Your system is resistant to poisons. (rPois)
You cover ground very slowly.
You can spit poison.
You have a snake-like lower body.


Message History

Press: ? - help, Shift-Dir - straight line, f/p - hobgoblin
Aim: a hobgoblin, quivering stones (100% to hit)
The magic dart hits the hobgoblin.
The hobgoblin is moderately wounded.
Casting: Magic Dart (safe; 10% risk of failure)
Confirm with . or Enter, or press ? or * to list all spells.
Aiming: Magic Dart (safe; 10% risk of failure)
Press: ? - help, Shift-Dir - straight line, f/p - hobgoblin
Aim: a hobgoblin, quivering stones (moderately wounded, 100% to hit)
You miscast Magic Dart.
Nothing appears to happen.
The hobgoblin hits you.
Casting: Magic Dart (safe; 10% risk of failure)
Confirm with . or Enter, or press ? or * to list all spells.
Aiming: Magic Dart (safe; 10% risk of failure)
Press: ? - help, Shift-Dir - straight line, f/p - hobgoblin
Aim: a hobgoblin, quivering stones (moderately wounded, 100% to hit)
The magic dart hits the hobgoblin.
The hobgoblin is heavily wounded.
The hobgoblin barely misses you.
Casting: Magic Dart (safe; 10% risk of failure)
Confirm with . or Enter, or press ? or * to list all spells.
Aiming: Magic Dart (safe; 10% risk of failure)
Press: ? - help, Shift-Dir - straight line, f/p - hobgoblin
Aim: a hobgoblin, quivering stones (heavily wounded, 100% to hit)
You miscast Magic Dart.
Nothing appears to happen.
The hobgoblin closely misses you.
Casting: Magic Dart (safe; 10% risk of failure)
Confirm with . or Enter, or press ? or * to list all spells.
Aiming: Magic Dart (safe; 10% risk of failure)
Press: ? - help, Shift-Dir - straight line, f/p - hobgoblin
Aim: a hobgoblin, quivering stones (heavily wounded, 100% to hit)
The magic dart hits the hobgoblin.
The hobgoblin is severely wounded.
You have got your breath back.
The hobgoblin hits you but does no damage.
The splash of poison hits the hobgoblin!
The hobgoblin is poisoned.
You kill the hobgoblin!
Fedhas appreciates your contribution to the ecosystem.
Your Spellcasting skill increases to level 4!
Are you sure you want to abandon this character and quit the game? (Confirm with "yes".)

## #.## ##### #...##
... #......
#######.#.###......$
#...#...#...@(......
#..†..#####.###...##
####..)#...#...# .#
..........<.#.###
.#####.###....# #.
#.#### #. #.. ..
#... ## .....


There were no monsters in sight!

Vanquished Creatures
  2 adders (D:2)
  A dart slug (D:1)
  2 endoplasms (D:1)
  A giant cockroach (D:2)
  3 goblins (D:1)
  3 hobgoblins
  3 kobolds
  6 bats (D:1)
  2 frilled lizards (D:1)
  2 rats (D:1)
25 creatures vanquished.

Vanquished Creatures (others)
  3 toadstools (D:1)
3 creatures vanquished.

Grand Total: 28 creatures vanquished

Notes
Turn   | Place    | Note
-------+----------+-------------------------------------------
     0 | D:1      | Colgate the Naga Hedge Wizard began the quest for the Orb.
     0 | D:1      | Reached XP level 1. HP: 15/15 MP: 4/4
   188 | D:1      | Reached XP level 2. HP: 22/22 MP: 6/6
   188 | D:1      | Found a faded altar of an unknown god.
   209 | D:1      | Prayed at the altar of an unknown god.
   209 | D:1      | Became a worshipper of Fedhas Madash
   209 | D:1      | Reached * piety under Fedhas
  1012 | D:2      | Reached XP level 3. HP: 23/28 MP: 8/8
  1428 | D:2      | Reached skill level 4 in Spellcasting
  1428 | D:2      | Quit the game

Illustrated notes

Levels and vault maps discovered:
D:1:      dpeg_arrival_arbitrary_c, layout_loops_cross,
          ebering_ecumenical_altar_rust, minmay_gold_behind_fungi
D:2:      layout_loops_cross, serial_shops, shop, amcnicky_mini_pool_small,
          minmay_pentomino_v4, uniq_sigmund

Skill      XL: |  1  2  3 |
---------------+----------+-----
Conjurations   | 2 |  2.0
Spellcasting   | 4 |  4.0
Dodging        | |  1.5
Stealth        | |  3.0
Summonings     | |  1.0
Translocations | |  1.0

Action                   || total
-------------------------++-------
Melee: Dagger            ||     4
 Cast: Magic Dart        ||    29
 Abil: Spit Poison       ||    22
  Use: Scroll            ||     1
 Stab: Sleeping          ||     4
Armor: Robe              ||     6
       Leather armour    ||     4
Dodge: Dodged            ||    21

Table legend: (Time is in decaauts)
 A = Elapsed time spent in this place.
 B = Non-inter-level travel time spent in this place.
 C = Inter-level travel time spent in this place.
 D = Time resting spent in this place.
 E = Time spent auto-exploring this place.
 F = Levels seen in this place.
 G = Mean time per level.
                   A        B        C        D        E       F      G
               +--------+--------+--------+--------+--------+-----+--------+
         Total |   1677 |   1585 |     92 |    102 |   1210 |   2 |  838.5 |
       Dungeon |   1677 |   1585 |     92 |    102 |   1210 |   2 |  838.5 |
               +--------+--------+--------+--------+--------+-----+--------+

Top non-repeatable levels by time:
     D:1: 1571 daAuts
     D:2: 105 daAuts
